 Dungeon Sprint DCSS version 0.17-a0-1987-gaf5a542 (webtiles) character file.

57 Kidiri the Sneak (level 3, 0/16 HPs)
             Began as a Spriggan Enchanter on Oct 6, 2015.
             Slain by a water elemental (16 damage)
             ... in the Dungeon (Sprint III: "The Ten Rune Challenge").
             The game lasted 00:02:30 (640 turns).

Kidiri the Sneak (Spriggan Enchanter)                Turns: 640, Time: 00:02:30

Health: 0/16       AC:  2    Str:  4    XL:     3   Next: 73%
Magic:  1/10       EV: 21    Int: 18    God:
Gold:   16         SH:  0    Dex: 17    Spells: 4 memorised, 2 levels left

rFire  . . .     SeeInvis +     a - +1 dagger
rCold  . . .     Clarity  .     b - +1 robe
rNeg   . . .     SustAt   .     (shield restricted)
rPois  .         Gourm    .     (helmet restricted)
rElec  .         Spirit   .     (no cloak)
rCorr  .         Warding  .     (gloves unavailable)
rMut   .         NoTele   +     (boots unavailable)
MR     .....                    (no amulet)
Stlth  ++++......               (no ring)
                                (no ring)

@: very quick, not resistant to hostile enchantments, stealthy
A: unfitting armour, see invisible, clever 1, deformed body, herbivore 3, speed
3, mutation resistance 1, slow metabolism 2
a: no special abilities


You were in the Dungeon.
You were not hungry.

You visited 1 branch You collected 16 gold pieces.

Inventory:

Hand Weapons
 a - a +1 dagger (weapon)
Armour
 b - a +1 robe (worn)
Wands
 l - a wand of frost (10)
Scrolls
 j - a scroll of blinking
 m - 2 scrolls of remove curse {unknown}
 p - 2 scrolls of amnesia {unknown}
 t - a scroll of holy word {unknown}
Potions
 e - a potion of curing
 f - a potion of heal wounds
 g - a potion of haste
 h - 2 potions of magic
 i - a potion of berserk rage
 r - 3 potions of cure mutation
 s - 3 potions of flight
Books
 c - a book of Maledictions

   Spells                             Type                      Level
   a - Corona                         Hexes                        1
   b - Ensorcelled Hibernation        Hexes/Ice                    2
   c - Confuse                        Hexes                        3
   d - Tukima's Dance                 Hexes                        3
   e - Dazzling Spray                 Conjuration/Hexes            3
Comestibles
 d - a bread ration
 q - 2 royal jellies


   Skills:
 * Level 3.5 Short Blades
 + Level 1.2 Armour
 * Level 5.3 Dodging
 * Level 6.6 Stealth
 * Level 4.5 Spellcasting
 + Level 0.3 Conjurations
 + Level 4.4 Hexes
 + Level 1.2 Ice Magic


You had 2 spell levels left.
You knew the following spells:

 Your Spells              Type           Power        Failure   Level  Hunger
a - Corona                Hex            ###....      1%          1    None
b - Ensorcelled Hibernat  Hex/Ice        ##....       10%         2    #......
c - Confuse               Hex            ###.....     10%         3    ###....
e - Dazzling Spray        Conj/Hex       ##......     17%         3    ###....


Dungeon Overview and Level Annotations

Branches:
Dungeon (1/1)

Altars:


Innate Abilities, Weirdness & Mutations

You are tiny and cannot use many weapons and most armour.
You have supernaturally acute eyesight.
You are a herbivore.
You cover ground extremely quickly.
You need consume almost no food.
Your mind is acute. (Int +2)
Armour fits poorly on your strangely shaped body.
You are somewhat resistant to further mutation.


Message History

Aim: a water elemental (lightly damaged)
The spray of energy hits the water elemental.
The water elemental is heavily damaged.
Casting: Dazzling Spray
Confirm with . or Enter, or press ? or * to list all spells.
Aiming: Dazzling Spray
Press: ? - help, Shift-Dir - straight line, f/p - water elemental
Aim: a water elemental (heavily damaged)
The spray of energy hits the water elemental.
The water elemental is severely damaged.
Casting: Dazzling Spray
Confirm with . or Enter, or press ? or * to list all spells.
Aiming: Dazzling Spray
Press: ? - help, Shift-Dir - straight line, f/p - water elemental
Aim: a water elemental (severely damaged)
The spray of energy hits the water elemental.
The water elemental is severely damaged.
The water elemental hits you!
Ouch! That really hurt!
You die...

▓.....#....≈♣♣♣♣♣.###+#+#
▓.....#...≈≈.♣....#......
▓.....#..≈≈≈≈...♣.'.⌠....
▓####'#..≈≈≈≈≈≈♣♣.#...###
▓.....#.≈≈≈≈≈≈....#.⌠.#__
▓.[...#.≈≈≈≈≈.....#...#__
▓.....#.≈≈≈.......#+###__
▓'#####...........#,,,*__
▓.......@E........#___*_,
▓▓▓▓▓▓▓▓▓▓▓▓▓▓▓▓▓▓▓******
*,,,+≈≈≈≈≈≈≈≈≈**,,,,,***
*,,,*,,≈≈≈≈≈≈≈**,≈≈≈≈+**
*,,,*≈≈≈≈≈≈≈≈≈≈+,,,,,*,≈
*,,,*,,≈≈≈≈≈≈≈********,,
*,,,*,≈≈≈≈≈≈≈≈* ***
***+****+******** ****
*,,,,,,,,,,,,,,,** *,,,


You could see a water elemental.

Vanquished Creatures
  Jessica (D)
  A human (D)
  2 oozes (D)
  A phantom (D)
  A rat (D)
6 creatures vanquished.

Vanquished Creatures (others)
  2 draconian scorchers (D)
  2 yaktaurs (D)
  2 plants (D)
6 creatures vanquished.

Grand Total: 12 creatures vanquished

Notes
Turn   | Place    | Note
--------------------------------------------------------------
     0 | D        | Kidiri the Spriggan Enchanter began the quest for the Orb.
     0 | D        | Reached XP level 1. HP: 9/9 MP: 5/5
     4 | D        | Reached skill level 5 in Stealth
     7 | D        | Reached XP level 2. HP: 13/13 MP: 7/7
    11 | D        | Learned a level 2 spell: Ensorcelled Hibernation
    15 | D        | Noticed Jessica
    21 | D        | Killed Jessica
    21 | D        | Reached skill level 1 in Armour
    21 | D        | Reached skill level 6 in Stealth
    21 | D        | Reached XP level 3. HP: 3/16 MP: 5/9
   103 | D        | Killed a yaktaur
   153 | D        | Killed a white draconian scorcher
   158 | D        | Killed a yaktaur
   164 | D        | Killed a white draconian scorcher
   204 | D        | Learned a level 3 spell: Confuse
   208 | D        | Learned a level 3 spell: Dazzling Spray
   317 | D        | Reached skill level 5 in Dodging
   317 | D        | Reached skill level 1 in Ice Magic
   589 | D        | Gained mutation: Your mind is acute. (Int +2) [potion of mutation]
   589 | D        | Gained mutation: You are somewhat resistant to further mutation. [potion of mutation]
   590 | D        | Gained mutation: Armour fits poorly on your strangely shaped body. [potion of mutation]
   622 | D        | Noticed a water elemental
   640 | D        | Slain by a water elemental

Vault maps used:
D:        dungeon_sprint_mu

Action                   || total
-------------------------++-------
Melee: Dagger            ||    10
 Cast: Ensorcelled Hiber ||     4
       Dazzling Spray    ||     3
  Use: Scroll            ||     3
       Potion            ||     2
 Stab: Sleeping          ||     6
